 Dungeon Crawl Stone Soup version 0.21.1-1-g345015f (webtiles) character file.

11067 Larett the Slicer (level 11, -5/64 HPs)
             Began as an Octopode Assassin on Apr 1, 2018.
             Was a Believer of Ashenzari.
             Slain by a six-headed hydra (17 damage)
             ... on level 11 of the Dungeon.
             The game lasted 00:41:10 (12269 turns).

Larett the Slicer (Octopode Assassin)              Turns: 12269, Time: 00:41:11

Health: -5/64      AC:  1    Str: 19    XL:     11   Next: 71%
Magic:  11/11      EV: 20    Int: 14    God:    Ashenzari [**....]
Gold:   548        SH: 13    Dex: 16    Spells: 3/10 levels left

rFire    . . .     SeeInvis .   m - +3 hand axe (flame)
rCold    . . .     Gourm    .   y - +2 buckler (curse)
rNeg     . . .     Faith    .   (helmet restricted)
rPois    .         Spirit   .   C - +5 amulet of reflection (curse)
rElec    .         Reflect  +   O - +3 ring of strength (curse)
rCorr    .         Harm     .   x - ring of wizardry (curse)
MR       .....                  i - +5 ring of strength (curse)
Stlth    ++++++....             (no ring)
HPRegen  0.20/turn              (no ring)
MPRegen  0.12/turn              (no ring)
                                (no ring)
                                (no ring)

@: hasted, very quick
A: almost no armour, stealthy swim, amphibious, 8 rings, constrict 8, camouflage
1, gelatinous body 1
a: Curse Item, Scrying, Renounce Religion


You were on level 11 of the Dungeon.
You worshipped Ashenzari.
Ashenzari was pleased with you.
You were not hungry.

You visited 4 branches of the dungeon, and saw 14 of its levels.
You also visited: Ossuary.

You collected 548 gold pieces.

Inventory:

Hand Weapons
 a - a +2 rapier of venom
 b - a +0 hunting sling
 m - a +3 hand axe of flaming (weapon)
 q - a +0 blowgun
 v - a +0 short sword of venom
 I - a +3 quarterstaff of chaos
 K - a +0 shortbow
 S - a +0 dire flail of protection
 W - a +1 war axe of freezing
Missiles
 c - 35 poisoned needles
 d - 2 curare-tipped needles
 e - 109 bolts
 l - 22 tomahawks (quivered)
 s - 32 sling bullets
 w - 398 stones
 F - 121 arrows
Armour
 g - a +0 hat
 y - a cursed +2 buckler (worn)
Jewellery
 i - a cursed +5 ring of strength (on tentacle)
 x - a cursed ring of wizardry (right tentacle)
 C - a cursed +5 amulet of reflection (around mantle)
 O - a cursed +3 ring of strength (left tentacle)
Wands
 t - a wand of random effects (25)
 A - a wand of acid (3)
 D - a wand of digging (13)
 E - a wand of enslavement (12)
 P - a wand of paralysis (28)
Scrolls
 o - a scroll of fear {unknown}
 p - 2 scrolls of noise {unknown}
 r - a scroll of torment {unknown}
 z - a scroll of immolation {!r}
 B - 2 scrolls of blinking
 J - a scroll of remove curse {!p}
 L - a scroll of fog {unknown}
 M - a scroll of enchant armour {unknown}
 N - a scroll of enchant weapon {unknown}
 R - 3 scrolls of magic mapping {unknown}
 T - 3 scrolls of teleportation
Potions
 h - a potion of might
 n - 2 potions of mutation {!q!q}
 u - a potion of degeneration {unknown}
 G - 2 potions of resistance
 H - a potion of magic {unknown}
 Q - 3 potions of curing
 U - a potion of cancellation {unknown}
 V - 2 potions of heal wounds
 X - 2 potions of lignification {unknown}
 Y - 5 potions of flight
 Z - 2 potions of haste
Books
 k - a book of Callings

   Spells                             Type                      Level
   a - Summon Small Mammal            Summoning                    1
   b - Call Imp                       Summoning                    2
   c - Call Canine Familiar           Summoning                    3
   d - Summon Guardian Golem          Hexes/Summoning              3
   e - Summon Lightning Spire         Summoning/Air                4
   f - Summon Ice Beast               Ice/Summoning                4
Comestibles
 f - 15 rations
 j - 5 chunks of flesh


   Skills:
 - Level 2.0 Fighting
 + Level 13.0 Short Blades
 - Level 2.0 Throwing
 - Level 10.1 Dodging
 - Level 10.1 Stealth
 - Level 4.2(5.6) Shields
 + Level 1.0 Summonings


You had 3 spell levels left.
You knew the following spells:

 Your Spells              Type           Power        Failure   Level  Hunger
a - Summon Ice Beast      Ice/Summ       #.......     65%         4    #####..
b - Call Canine Familiar  Summ           #.......     22%         3    ####...


Dungeon Overview and Level Annotations

Branches:
Dungeon (11/15)            Temple (1/1) D:6            Lair (1/6) D:9
    Orc (1/2) D:9

Altars:
Ashenzari
Cheibriados
Dithmenos
Elyvilon
Fedhas
Gozag
Kikubaaqudgha
Makhleb
Nemelex Xobeh
Okawaru
Qazlal
Ru
Trog
Uskayaw
Vehumet
Wu Jian
Xom
Yredelemnul
Zin
The Shining One
Beogh

Shops:
D:6 [   D:10 (

Annotations:
D:5 Gonk's ghost, amateur DsIE


Innate Abilities, Weirdness & Mutations

You cannot wear most types of armour.
You are very stealthy in the water. (Stealth+)
You are amphibious.
You can wear up to eight rings at the same time.
You can use your tentacles to constrict eight enemies at once.
Your skin changes colour to match your surroundings (Stealth+).
Your rubbery body absorbs attacks. (AC +1, EV +1)


Message History

You block the six-headed hydra's attack.
The six-headed hydra bites you! x2
You block the six-headed hydra's attack.
You hit the six-headed hydra. You burn the six-headed hydra.
You squeeze the six-headed hydra, but do no damage.
The six-headed hydra is lightly wounded.
The six-headed hydra bites you!
You block the six-headed hydra's attack.
The six-headed hydra bites you!
* * * LOW HITPOINT WARNING * * *
The six-headed hydra completely misses you. x2
You block the six-headed hydra's attack.
You hit the six-headed hydra. You burn the six-headed hydra.
You squeeze the six-headed hydra!
The six-headed hydra is lightly wounded.
You block the six-headed hydra's attack. x2
The six-headed hydra bites you.
* * * LOW HITPOINT WARNING * * *
The six-headed hydra bites you!
You die...

* * ####
, , ,,
,...#
*#..# ,
#..# *,
#D.# #..#
#@.# #..#
#..# ,
#..# #..#
#..# #..#
, * #..#
#..# *
#..# #..#
* #..#
#..# ,
#..###..#
#.......#


You could see a six-headed hydra.

Vanquished Creatures
  Erolcha (D:9)
  2 two-headed ogres
  Pikel (D:6)
  A cyclops (D:9)
  Psyche (D:9)
  Joseph (D:8)
  2 hornets
  A slime creature (D:8)
  Grum (D:9)
  A wraith (D:11)
  Eustachio (D:4)
  A hungry ghost (D:7)
  Edmund (D:6)
  3 water moccasins
  Duvessa (D:6)
  An ice beast (D:8)
  4 porcupines (D:9)
  4 phantoms
  4 orc warriors
  A slave (D:6)
  A necrophage (D:7)
  A sky beast (D:9)
  4 ogres
  3 centaurs
  2 wolves (D:9)
  A big kobold (D:7)
  4 crocodiles
  9 bullfrogs
  Blork the orc (D:5)
  Dowan (D:6)
  A wyvern skeleton (D:8)
  2 scorpions
  12 wights
  3 crimson imps
  A centaur zombie (Ossuary)
  8 jellies
  A bullfrog zombie (D:4)
  4 hounds
  11 orc priests
  2 centaur skeletons
  A human zombie (Ossuary)
  Crazy Yiuf (D:2)
  4 bullfrog skeletons
  Natasha (thrice) (D:4 D:7)
  11 orc wizards
  3 worker ants
  A hound skeleton (D:5)
  2 mummies (Ossuary)
  A worker ant zombie (D:7)
  16 adders
  2 shadow imps
  17 oozes
  An adder zombie (Ossuary)
  4 worms
  4 dart slugs
  8 leopard geckos
  45 orcs
  3 giant cockroaches
  2 goblins
  6 hobgoblins
  14 jackals
  3 quokkas
  9 bats
  7 frilled lizards
  3 goblin zombies (Ossuary)
  11 hobgoblin zombies (Ossuary)
  3 jackal zombies
  8 kobolds
  7 kobold zombies (Ossuary)
  A leopard gecko zombie (D:7)
  8 orc zombies (Ossuary)
  A quokka skeleton (D:4)
  8 rats
  4 rat zombies (Ossuary)
327 creatures vanquished.

Vanquished Creatures (others)
  A centaur (D:8)
  A butterfly (D:6)
  44 fungi
  11 plants (D:9)
57 creatures vanquished.

Grand Total: 384 creatures vanquished

Notes
Turn   | Place    | Note
-------+----------+-------------------------------------------
     0 | D:1      | Larett the Octopode Assassin began the quest for the Orb.
     0 | D:1      | Reached XP level 1. HP: 14/14 MP: 1/1
   173 | D:1      | Reached skill level 6 in Stealth
   173 | D:1      | Reached XP level 2. HP: 16/19 MP: 2/2
  1091 | D:2      | Reached XP level 3. HP: 24/24 MP: 3/3
  1160 | D:1      | Reached XP level 4. HP: 19/29 MP: 4/4
  1712 | D:2      | Found a runed door.
  1716 | D:2      | Noticed Crazy Yiuf
  1720 | D:2      | Killed Crazy Yiuf
  1720 | D:2      | Reached XP level 5. HP: 34/34 MP: 5/5
  2465 | D:3      | Reached skill level 9 in Stealth
  2510 | D:3      | HP: 5/34 [something (4)]
  2946 | D:3      | Reached XP level 6. HP: 38/39 MP: 6/6
  3168 | D:4      | Noticed a phantom
  3237 | D:4      | Noticed Natasha
  3249 | D:4      | Killed Natasha
  3249 | D:4      | Reached skill level 1 in Shields
  3364 | D:3      | HP: 5/39 [poisoned by a worker ant]
  3366 | D:3      | HP: 2/39 [poisoned by a worker ant]
  3387 | D:3      | Killed a phantom
  3387 | D:3      | Reached skill level 3 in Shields
  3442 | D:4      | Noticed Eustachio
  3450 | D:4      | Killed Eustachio
  3450 | D:4      | Reached XP level 7. HP: 20/45 MP: 7/7
  3511 | D:4      | Found a snail-covered altar of Cheibriados.
  3753 | D:4      | Reached skill level 3 in Dodging
  3816 | D:4      | Found a shadowy altar of Dithmenos.
  3867 | D:5      | Entered Level 5 of the Dungeon
  3973 | D:5      | Reached XP level 8. HP: 50/50 MP: 8/8
  3981 | D:5      | Found a sand-covered staircase.
  3987 | Ossuary  | Entered an ossuary
  4766 | D:5      | Noticed Blork the orc
  4773 | D:5      | Killed Blork the orc
  4773 | D:5      | Reached skill level 6 in Dodging
  4863 | D:5      | Noticed Gonk's ghost (amateur DsIE)
  5372 | D:6      | Noticed Duvessa
  5373 | D:6      | Noticed Dowan
  5382 | D:6      | Killed Duvessa
  5393 | D:6      | Killed Dowan
  5614 | D:6      | Noticed Pikel
  5634 | D:6      | Killed Pikel
  5634 | D:6      | Reached skill level 9 in Dodging
  5634 | D:6      | Reached XP level 9. HP: 37/54 MP: 9/9
  5791 | D:6      | Found a staircase to the Ecumenical Temple.
  5797 | Temple   | Entered the Ecumenical Temple
  5840 | Temple   | Became a worshipper of Ashenzari the Shackled
  5925 | D:6      | Noticed Edmund
  5933 | D:6      | Killed Edmund
  5952 | D:6      | Found Zidiz's Armour Shoppe.
  6283 | D:7      | Noticed Natasha
  6296 | D:7      | Killed Natasha
  6544 | D:7      | Noticed Natasha
  6564 | D:7      | Reached skill level 3 in Short Blades
  6566 | D:7      | Killed Natasha
  6609 | D:7      | Reached skill level 4 in Short Blades
  7074 | D:7      | Reached skill level 5 in Short Blades
  7090 | D:7      | Noticed a hornet
  7093 | D:7      | Killed a hornet
  7093 | D:7      | Reached XP level 10. HP: 60/60 MP: 10/10
  7102 | D:7      | Reached skill level 6 in Short Blades
  7930 | D:8      | Found an opulent altar of Gozag.
  7935 | D:8      | Noticed a two-headed ogre
  7961 | D:7      | Reached skill level 7 in Short Blades
  8041 | D:8      | Reached * piety under Ashenzari
  8097 | D:8      | Killed a two-headed ogre
  8097 | D:8      | Reached skill level 8 in Short Blades
  8310 | D:8      | Noticed Joseph
  8315 | D:8      | Killed Joseph
  8315 | D:8      | Reached skill level 9 in Short Blades
  8326 | D:8      | Found an iron altar of Okawaru.
  8635 | D:8      | Found a basalt altar of Yredelemnul.
  9159 | D:9      | Found an ornate altar of the Wu Jian Council.
  9174 | D:9      | Reached skill level 10 in Short Blades
  9189 | D:9      | Noticed Grum
  9190 | D:9      | Noticed a cyclops
  9201 | D:9      | Killed Grum
  9234 | D:9      | Killed a cyclops
  9234 | D:9      | Reached XP level 11. HP: 64/64 MP: 11/11
  9406 | D:9      | Reached skill level 11 in Short Blades
  9505 | D:9      | Found a staircase to the Lair.
  9917 | D:9      | Noticed Erolcha
  9920 | D:9      | Noticed Psyche
  9930 | D:9      | Killed Psyche
  9933 | D:9      | Killed Erolcha
 10068 | D:9      | Reached skill level 12 in Short Blades
 10569 | D:9      | Found a staircase to the Orcish Mines.
 10609 | D:9      | Found a roughly hewn altar of Beogh.
 10798 | Orc:1    | Entered Level 1 of the Orcish Mines
 10998 | D:9      | Noticed a two-headed ogre
 11012 | D:9      | Killed a two-headed ogre
 11162 | Lair:1   | Entered Level 1 of the Lair of Beasts
 11299 | D:10     | Entered Level 10 of the Dungeon
 11871 | D:10     | Found Giowk's Weapon Shop.
 11887 | D:10     | Reached ** piety under Ashenzari
 11979 | D:10     | Learned a level 4 spell: Summon Ice Beast
 11983 | D:10     | Learned a level 3 spell: Call Canine Familiar
 12155 | D:10     | Reached skill level 13 in Short Blades
 12208 | D:11     | Reached skill level 1 in Summonings
 12251 | D:11     | Noticed a seven-headed hydra
 12269 | D:11     | Slain by a six-headed hydra

Skill      XL: |  1  2  3  4  5  6  7  8  9 10 11 |
---------------+----------------------------------+-----
Stealth        | 6 7 8 9 10 | 10.1
Shields        | 4 |  4.2
Dodging        | 4 9 10 | 10.1
Short Blades   | 5 10 13 | 13.0
Summonings     | 1 |  1.0
Fighting       | |  2.0
Throwing       | |  2.0

Action                   |  1- 3 |  4- 6 |  7- 9 | 10-12 || total
-------------------------+-------+-------+-------+-------++-------
Melee: Dagger            |    54 |    31 |   217 |       ||   302
       Constrict         |    12 |    34 |    70 |    51 ||   167
       Tentacles         |    11 |    20 |    72 |    99 ||   202
       Quarterstaff      |       |   105 |     2 |       ||   107
       Rapier            |       |       |    81 |   329 ||   410
       Hand axe          |       |       |       |     3 ||     3
 Fire: Hunting sling     |       |       |       |    42 ||    42
Throw: Tomahawk          |       |     5 |     2 |     2 ||     9
 Cast: Call Canine Famil |       |       |       |     2 ||     2
Invok: Curse Item        |       |       |     3 |     2 ||     5
Evoke: Wand              |       |       |     6 |    11 ||    17
  Use: Potion            |       |     3 |     3 |     3 ||     9
       Scroll            |       |       |     8 |     4 ||    12
 Stab: Sleeping          |     6 |    16 |    30 |    11 ||    63
       Paralysed         |       |     1 |       |       ||     1
       Distracted        |       |     1 |     1 |     2 ||     4
       Invisible         |       |       |     2 |       ||     2
  Eat: Chunk             |       |     5 |    13 |    16 ||    34
       Ration            |       |     1 |       |       ||     1
Armor: Skin              |     2 |     4 |     6 |     2 ||    14
Dodge: Dodged            |    28 |    77 |   104 |   111 ||   320
Block: Buckler           |     3 |     9 |   118 |   132 ||   262
       Reflection        |       |       |     5 |     4 ||     9
